Map: Moondance

Players

Kamurar - Winner!

  • Race: Terran Terran
  • League: Platinum
  • Spawn Location: 6:00

Kont

  • Race: Terran Terran
  • League: Gold
  • Spawn Location: 12:00

VOD

Have the link to the VOD?

Description

Time

  • Played on: Jan. 6, 2023, 5:37 a.m.
  • Length: 19:27
Show
View Real Time Build Order
Export as new Build Order

Kamurar Terran - Winner!

Build Orders: Mech 

Get SALT Encoding   

  12  0:00  SCV  
  13  0:12  SCV  
  14  0:18  Supply Depot  
  14  0:25  SCV  
  15  0:40  SCV  
  15  0:42  Refinery  
  16  0:48  Barracks  
  16  0:52  SCV  
  18  1:04  SCV  
  17  1:16  SCV  
  18  1:28  SCV  
  18  1:32  Supply Depot  
  19  1:40  SCV  
  19  1:41  Barracks Reactor, Bunker  
  20  1:52  SCV  
  20  1:56  Supply Depot  
  20  2:04  SCV  
  21  2:11  Refinery  
  21  2:16  SCV  
  21  2:18  Marine  
  21  2:19  Marine  
  24  2:29  SCV  
  25  2:36  Command Center  
  25  2:41  SCV, Marine x2  
  28  2:57  Orbital Command  
  28  2:59  Marine x2  
  30  3:05  Supply Depot  
  30  3:17  Marine x2  
  32  3:24  SCV  
  33  3:36  SCV  
  34  3:41  Factory  
  35  3:48  SCV  
  35  3:49  Orbital Command  
  35  4:00  SCV  
  36  4:11  Command Center  
  36  4:12  SCV  
  36  4:16  SCV  
  38  4:24  SCV  
  38  4:26  Factory Tech Lab  
  38  4:28  SCV  
  40  4:35  Factory  
  40  4:37  SCV  
  41  4:40  SCV  
  42  4:48  Siege Tank  
  42  4:49  SCV  
  42  4:52  SCV  
  47  4:55  Marine x2  
  49  5:00  Refinery  
  49  5:01  SCV  
  49  5:03  Refinery  
  49  5:04  SCV  
  51  5:13  SCV  
  52  5:16  SCV  
  52  5:20  Siege Tank, Factory Tech Lab, Refinery  
  56  5:25  SCV  
  56  5:27  Factory  
  57  5:28  SCV  
  58  5:36  Orbital Command  
  58  5:37  SCV  
  58  5:41  SCV  
  60  5:48  Supply Depot  
  60  5:49  SCV  
  61  5:52  Siege Tank  
  61  5:53  SCV  
  61  5:54  Siege Tank  
  68  6:01  SCV  
  68  6:02  SCV  
  70  6:05  SCV  
  70  6:10  Supply Depot  
  71  6:13  SCV  
  71  6:14  SCV  
  71  6:16  Factory Tech Lab  
  71  6:17  SCV, Factory  
  74  6:24  Siege Tank  
  77  6:25  SCV  
  77  6:26  SCV, Siege Tank  
  77  6:29  SCV  
  83  6:33  Supply Depot  
  83  6:38  SCV x2  
  85  6:41  SCV  
  85  6:46  Siege Tank  
  89  6:53  SCV  
  89  6:54  SCV x2  
  91  6:56  Siege Tank  
  91  6:58  Siege Tank  
  95  7:04  Armory  
  95  7:05  SCV  
  95  7:06  SCV x2  
  92  7:08  Marine  
  92  7:09  Marine  
  92  7:14  Factory Tech Lab  
  91  7:17  SCV  
  91  7:18  Siege Tank  
  94  7:26  Factory, Marine x2  
  94  7:28  Siege Tank  
  99  7:36  SCV  
  100  7:37  SCV  
  101  7:51  SCV x3, Marine x2  
  106  7:52  Armory, Thor  
  106  7:54  Thor x2  
  106  7:58  Terran Vehicle Weapons Level 1  
  124  8:03  SCV x3  
  127  8:06  Command Center  
  127  8:07  Bunker  
  127  8:08  Marine x2  
  127  8:11  Factory Tech Lab  
  127  8:12  Siege Tank  
  132  8:15  SCV  
  133  8:22  Refinery  
  133  8:23  Refinery  
  133  8:36  Thor  
  133  8:37  Starport  
  139  8:41  Engineering Bay  
  139  8:51  Thor  
  145  9:20  Thor x2  
  145  9:21  Missile Turret  
  154  9:29  Planetary Fortress  
  138  9:38  Thor  
  144  9:42  Missile Turret  
  138  9:47  Command Center  
  132  10:02  SCV x2, Missile Turret  
  134  10:08  SCV  
  134  10:11  Thor  
  134  10:14  SCV x2  
  142  10:16  Starport Tech Lab  
  142  10:20  SCV  
  142  10:21  Supply Depot  
  144  10:25  Terran Vehicle And Ship Armor Level 1, Missile Turret  
  144  10:26  SCV x2  
  144  10:28  Terran Vehicle Weapons Level 2  
  146  10:32  SCV  
  147  10:38  SCV x2  
  147  10:40  Command Center  
  147  10:42  Refinery  
  149  10:43  Supply Depot  
  149  10:44  SCV  
  149  10:48  Missile Turret  
  149  10:49  Thor  
  156  10:50  SCV x2  
  156  10:56  SCV  
  152  11:05  Supply Depot, Thor x2  
  145  11:20  Thor  
  145  11:25  Thor  
  145  11:28  Supply Depot  
  139  11:41  Thor  
  139  11:45  Planetary Fortress  
  145  11:50  Supply Depot  
  145  12:03  Refinery  
  145  12:04  Refinery  
  145  12:07  Command Center  
  145  12:12  Missile Turret x2  
  145  12:19  Orbital Command  
  145  12:26  SCV x2  
  147  12:30  Thor  
  147  12:32  Missile Turret  
  147  12:33  Missile Turret  
  147  12:34  Thor  
  159  12:38  SCV x2  
  161  12:50  Thor  
  167  12:53  Missile Turret  
  167  12:56  Missile Turret  
  166  13:02  Fusion Core  
  166  13:04  Thor  
  156  13:08  Thor  
  157  13:20  Thor  
  145  13:29  Thor  
  145  13:42  Thor  
  145  13:45  SCV x2  
  153  13:50  SCV  
  154  13:57  SCV x2  
  154  14:02  SCV  
  157  14:09  SCV x2, Command Center  
  159  14:14  SCV  
  160  14:18  Thor  
  160  14:19  Engineering Bay  
  160  14:21  SCV x2  
  168  14:24  Armory  
  168  14:25  Thor  
  174  14:32  Terran Vehicle Weapons Level 3  
  174  14:39  Thor  
  180  14:48  SCV  
  180  14:50  SCV  
  180  14:51  SCV  
  183  15:01  Thor, Missile Turret  
  183  15:03  SCV x2  
  191  15:11  Terran Vehicle And Ship Armor Level 2  
  191  15:15  SCV  
  191  15:17  Thor, Refinery  
  198  15:21  Missile Turret  
  198  15:22  Orbital Command  
  198  15:33  Starport  
  198  15:40  Missile Turret  
  198  15:52  SCV  
  198  15:53  SCV  
  198  15:55  Hi-Sec Auto Tracking  
  200  16:01  Missile Turret  
  200  16:12  Starport  
  188  16:21  Thor  
  188  16:22  Thor  
  179  16:42  Thor x3  
  191  16:50  Starport  
  191  16:52  Neosteel Armor  
  188  17:04  Thor  
  152  17:23  Command Center  
  143  17:47  Starport Tech Lab x3  
  137  17:54  Starport  
  137  18:05  Battlecruiser  
  143  18:11  Planetary Fortress  
  143  18:16  SCV x2  
  143  18:17  SCV  
  146  18:23  Battlecruiser  
  146  18:28  SCV x2  
  146  18:32  Starport  
  142  18:43  Planetary Fortress  
  142  18:48  Missile Turret x2  
  142  18:54  Starport Tech Lab, Refinery  
  142  18:57  Refinery  
  148  19:09  Missile Turret  
  154  19:10  Missile Turret  
  154  19:18  Command Center  
  154  19:21  Missile Turret  
Show
View Real Time Build Order
Export as new Build Order

Kont Terran 

Build Orders:  

Get SALT Encoding   

  12  0:00  SCV  
  13  0:12  SCV  
  14  0:18  Supply Depot  
  14  0:24  SCV  
  15  0:39  SCV  
  16  0:46  Barracks  
  16  0:51  SCV  
  16  0:54  Refinery  
  16  1:12  SCV  
  17  1:31  SCV  
  18  1:44  Orbital Command  
  18  1:45  Barracks Reactor  
  18  1:58  Command Center  
  18  2:12  SCV  
  19  2:22  Marine x2  
  20  2:24  SCV  
  20  2:25  Supply Depot  
  22  2:36  SCV  
  23  2:40  Barracks  
  23  2:42  Barracks  
  23  2:45  Refinery  
  23  2:48  SCV  
  23  2:50  Marine  
  25  2:53  Marine  
  26  3:00  SCV  
  27  3:08  Marine  
  27  3:10  Marine  
  27  3:12  SCV  
  30  3:20  Orbital Command  
  30  3:26  Marine  
  31  3:28  Marine  
  31  3:31  Barracks Tech Lab  
  31  3:32  Barracks Tech Lab, Supply Depot  
  32  3:35  SCV  
  33  3:45  Marine  
  33  3:46  Marine  
  33  3:48  SCV  
  36  3:53  SCV  
  37  3:58  Marauder x2  
  37  4:01  Supply Depot  
  41  4:03  SCV  
  41  4:09  Factory  
  42  4:15  SCV  
  43  4:20  SCV  
  43  4:24  Marauder  
  46  4:27  SCV  
  46  4:29  Combat Shield  
  46  4:31  Stimpack  
  47  4:34  Supply Depot  
  47  4:35  Marauder, Marine  
  47  4:36  Marine  
  51  4:39  SCV  
  51  4:40  SCV  
  53  4:46  Marauder  
  53  4:51  SCV  
  53  4:52  SCV  
  57  4:54  Factory Reactor  
  57  4:56  Starport  
  57  5:00  Marauder  
  57  5:01  Marine x2  
  61  5:10  Engineering Bay  
  61  5:12  SCV  
  62  5:21  Supply Depot  
  62  5:23  Marauder x2, Marine x2  
  62  5:24  Supply Depot  
  68  5:42  Factory Tech Lab  
  68  5:46  Missile Turret  
  68  5:50  Missile Turret  
  68  5:53  SCV  
  68  5:54  SCV  
  68  5:56  Marine x2  
  68  5:57  Marauder, Medivac x2, Marine  
  74  6:01  Supply Depot  
  79  6:04  Terran Infantry Weapons Level 1  
  79  6:06  SCV x2  
  81  6:12  Refinery  
  81  6:14  Refinery  
  81  6:18  SCV x2  
  83  6:22  Marine x2  
  83  6:23  Marauder  
  87  6:27  Medivac  
  87  6:30  SCV, Supply Depot  
  90  6:37  Marauder  
  92  6:52  Siege Tank  
  92  6:54  Supply Depot  
  95  6:56  Supply Depot  
  70  7:09  Marine x2  
  70  7:10  Marauder x2  
  64  7:24  Siege Tank  
  64  7:27  Marine  
  64  7:28  Marine  
  69  7:31  Marine  
  69  7:32  Marauder  
  72  7:39  Barracks x2  
  72  7:45  Marine  
  72  7:46  Marine  
  72  7:49  Marine  
  75  7:53  Marauder  
  75  7:56  Siege Tank  
  80  8:03  Marine  
  80  8:04  Marine  
  82  8:05  Medivac  
  82  8:06  Medivac  
  82  8:07  Marauder  
  88  8:13  Terran Infantry Armor Level 1  
  88  8:14  Marine  
  88  8:17  Armory  
  89  8:21  Marine  
  89  8:22  Marine  
  91  8:28  Siege Tank  
  91  8:29  Marauder  
  91  8:32  Marine  
  97  8:38  Marine  
  97  8:40  Marine  
  99  8:49  Medivac x2, Marine  
  99  8:50  Marine  
  99  8:55  Barracks Tech Lab  
  105  8:56  Marine  
  105  8:58  Marine  
  105  9:01  Barracks Tech Lab, Siege Tank  
  105  9:02  Supply Depot  
  110  9:03  Supply Depot  
  110  9:07  Marine  
  110  9:08  Marauder  
  113  9:21  Marine x3  
  113  9:22  Marauder  
  118  9:25  Supply Depot  
  118  9:26  Marauder  
  118  9:29  Marauder  
  121  9:39  Marine x2  
  121  9:40  Marauder  
  103  9:57  Marauder x3  
  107  10:01  Marauder  
  109  10:14  Command Center  
  109  10:16  Marine  
  109  10:17  Marine  
  109  10:18  Marine  
  109  10:19  Marauder x2  
  116  10:22  Marauder  
  118  10:29  Command Center  
  118  10:34  Marine  
  119  10:37  Terran Infantry Weapons Level 2  
  119  10:39  Terran Vehicle Weapons Level 1  
  118  11:10  Marauder x4  
  104  11:23  Marine x2  
  97  11:31  Marauder x2  
  97  11:32  Marauder  
  99  11:38  Marauder  
  101  11:40  Marine  
  101  11:44  Engineering Bay  
  102  11:48  Planetary Fortress  
  102  11:51  Planetary Fortress  
  102  11:53  Marauder x3  
  108  12:00  Marauder  
  110  12:14  Marauder  
  112  12:19  Siege Tank  
  112  12:20  Marauder  
  117  12:25  Terran Infantry Armor Level 2  
  117  12:51  Siege Tank  
  120  12:56  Marauder x2, Marine x2  
  120  12:57  Marauder x2  
  129  13:14  Marine  
  127  13:23  Siege Tank  
  89  13:48  Factory  
  89  13:52  Factory  
  89  13:53  Marauder  
  89  13:54  Marauder x3, Marine  
  89  13:55  Siege Tank, Medivac x2  
  105  13:58  Supply Depot, Marine  
  105  13:59  Supply Depot  
  106  14:15  Marauder x3  
  112  14:27  Siege Tank  
  115  14:31  Terran Infantry Weapons Level 3  
  115  14:32  Supply Depot  
  115  14:33  Supply Depot  
  115  14:40  Refinery  
  115  14:42  Refinery  
  115  14:44  Refinery  
  115  14:47  Refinery  
  115  14:49  Marauder x4, Marine x2  
  125  14:59  Siege Tank  
  128  15:00  SCV  
  129  15:10  Marauder  
  129  15:12  SCV  
  132  15:24  SCV  
  133  15:31  Siege Tank  
  133  15:33  Marauder  
  133  15:34  Marauder x2  
  142  15:35  Terran Vehicle Weapons Level 2  
  142  15:38  Marine x2  
  142  15:39  Marine  
  145  15:47  Barracks  
  145  15:54  Marine x2  
  145  15:55  Marauder  
  145  15:56  Marine  
  111  16:27  Marauder x4  
  107  16:38  Barracks  
  77  16:50  Marauder x4  
  63  17:11  Marauder  
  63  17:13  Marauder x3  
  44  17:22  Factory Tech Lab  
  44  17:23  Factory Tech Lab  
  44  17:24  Marine x2  
  46  17:32  Marauder  
  46  17:34  Marauder x3  
  41  17:41  Marine  
  41  17:42  Marine  
  32  17:44  Barracks  
  32  17:46  Barracks  
  27  17:54  Marauder  
  27  17:55  Marauder, Marine  
  27  17:56  Marauder  
  34  17:58  SCV  
  34  17:59  Marine  
  34  18:00  Marine  
  27  18:12  Siege Tank  
  30  18:13  Marauder  
  30  18:15  Marauder  
  30  18:17  Marauder  
  25  18:44  Siege Tank  
  26  18:51  Marauder x2  
  23  18:55  Marine  
  23  18:56  Marine  
  28  19:04  Barracks Tech Lab x2  
Tags
 
Composition
Mech
Matchup
TvT
Race
Terran
Spawn Locations
Cross Positions
Add a new tag
Caveats
  • Supply blocks, unpowered buildings, or Contaminate may cause inaccurate times.
  • Supply counts are checked every 10 seconds.